Map: King's Cove LE

Players

Abraxas - Winner!

  • Race: Protoss Protoss
  • League: Platinum
  • Spawn Location: 11:00

Smeeeger

  • Race: Zerg Zerg
  • League: Platinum
  • Spawn Location: 5:00

VOD

Have the link to the VOD?

Description

Time

  • Played on: July 21, 2019, 8:38 a.m.
  • Length: 12:19
Show
View Real Time Build Order
Export as new Build Order

Abraxas Protoss - Winner!

Build Orders: 1 Gate Expand, Double Forge, Phoenix Opening, Colossus Rush 

Get SALT Encoding   

  12  0:00  Probe  
  13  0:13  Probe  
  14  0:19  Pylon  
  14  0:24  Probe  
  15  0:33  Probe  
  15  0:40  Gateway  
  15  0:41  Probe  
  16  0:49  Assimilator  
  17  0:52  Probe  
  18  1:00  Probe  
  18  1:08  Probe  
  20  1:29  Nexus  
  20  1:40  Cybernetics Core  
  20  1:46  Probe  
  21  1:49  Assimilator  
  21  1:53  Pylon  
  21  1:57  Probe  
  22  2:05  Probe  
  22  2:14  Probe  
  23  2:17  Sentry  
  26  2:25  Warp Gate  
  26  2:30  Gateway  
  26  2:34  Probe  
  27  2:39  Probe  
  28  2:44  Robotics Facility  
  28  2:46  Stalker  
  28  2:48  Probe x2  
  31  2:57  Probe  
  32  3:00  Probe  
  34  3:06  Probe  
  34  3:12  Probe, Phoenix  
  36  3:14  Probe  
  36  3:17  Stalker  
  39  3:25  Stalker  
  41  3:32  Observer  
  42  3:34  Pylon  
  42  3:40  Probe  
  42  3:41  Probe  
  44  3:48  Probe  
  44  3:49  Robotics Bay  
  44  3:53  Probe  
  46  3:57  Pylon  
  46  3:58  Probe  
  47  4:04  Assimilator  
  47  4:05  Probe, Assimilator  
  47  4:09  Probe  
  48  4:15  Stalker x2  
  53  4:17  Probe  
  53  4:18  Pylon  
  53  4:22  Probe  
  55  4:30  Probe  
  56  4:34  Probe  
  56  4:36  Pylon  
  57  4:40  Pylon  
  57  4:42  Probe  
  57  4:43  Forge  
  57  4:45  Forge  
  58  4:47  Twilight Council  
  58  4:49  Probe  
  58  4:51  Pylon  
  59  5:00  Probe  
  59  5:02  Probe  
  61  5:11  Colossus  
  61  5:12  Probe  
  61  5:14  Probe  
  63  5:15  Nexus  
  63  5:21  Pylon, Stalker x2  
  67  5:31  Probe x2  
  75  5:39  Protoss Ground Weapons Level 1  
  75  5:40  Charge  
  75  5:41  Protoss Ground Armor Level 1  
  75  5:43  Probe x2  
  75  5:48  Extended Thermal Lance  
  77  5:55  Probe  
  77  5:56  Probe  
  79  6:03  Stalker x2  
  83  6:09  Colossus  
  89  6:18  Probe  
  89  6:19  Probe  
  89  6:20  Pylon x2  
  89  6:24  Probe  
  91  6:27  Probe  
  91  6:30  Probe  
  94  6:35  Probe  
  94  6:39  Gateway  
  95  6:40  Gateway  
  95  6:43  Gateway, Probe  
  95  6:46  Probe  
  95  6:47  Gateway  
  96  6:53  Probe, Templar Archives  
  98  6:58  Probe  
  98  7:01  Assimilator  
  99  7:03  Assimilator, Pylon  
  99  7:05  Colossus  
  99  7:06  Pylon  
  99  7:19  Stalker  
  99  7:20  Stalker  
  109  7:26  Protoss Ground Armor Level 2, Protoss Ground Weapons Level 2  
  109  7:31  Pylon  
  109  7:32  Pylon  
  109  7:35  Pylon  
  109  7:43  Zealot x2  
  113  7:55  Probe x3  
  110  8:00  Colossus  
  116  8:11  Zealot x3  
  116  8:12  Zealot x2  
  126  8:16  Pylon  
  126  8:18  Photon Cannon  
  126  8:20  Photon Cannon  
  126  8:22  Photon Cannon  
  126  8:24  Photon Cannon  
  126  8:29  Probe x3  
  129  8:35  High Templar x3  
  129  8:36  High Templar x2  
  129  8:39  Nexus, Pylon  
  139  8:41  Pylon  
  139  8:43  Pylon  
  139  8:55  Zealot  
  141  8:56  Colossus  
  147  9:05  Probe x3  
  147  9:08  Zealot x4  
  147  9:09  Zealot  
  160  9:11  Archon  
  160  9:12  Archon  
  160  9:24  Zealot  
  160  9:30  Protoss Ground Weapons Level 3  
  160  9:31  Gateway  
  162  9:32  Gateway  
  162  9:34  Gateway  
  162  9:39  Gateway, Protoss Ground Armor Level 3  
  162  9:42  Gateway x2  
  162  9:44  Gateway  
  162  9:46  Gateway  
  162  9:48  Pylon  
  162  9:49  High Templar x3  
  162  9:50  High Templar, Pylon  
  170  9:54  High Templar  
  170  9:57  Zealot  
  170  9:59  Archon x2  
  174  10:01  Archon  
  174  10:05  Assimilator  
  174  10:08  Assimilator  
  174  10:21  Zealot x4  
  176  10:23  Zealot  
  184  10:31  Zealot x2  
  184  10:32  Zealot x2  
  192  10:37  Zealot  
  192  10:38  Zealot x2  
  198  10:49  Stargate x2  
  198  10:53  Pylon  
  198  11:01  Stargate  
  198  11:03  Zealot, Stargate  
  200  11:30  Zealot, Void Ray x2  
  200  11:31  Zealot x6  
  200  11:32  Zealot x2  
  200  11:33  Zealot  
  192  11:56  Probe  
Show
View Real Time Build Order
Export as new Build Order

Smeeeger Zerg 

Build Orders: Hatch First 

Get SALT Encoding   

  12  0:01  Drone  
  13  0:19  Overlord  
  13  0:21  Drone  
  14  0:38  Drone x2  
  14  0:41  Drone  
  17  0:53  Drone  
  18  1:03  Hatchery  
  17  1:06  Drone  
  17  1:07  Extractor  
  17  1:21  Spawning Pool  
  17  1:23  Drone  
  17  1:29  Drone  
  18  1:42  Drone  
  18  1:46  Overlord  
  19  2:07  Queen  
  22  2:08  Zergling x4  
  22  2:14  Queen  
  25  2:15  Zergling x2  
  25  2:22  Drone  
  27  2:27  Drone  
  27  2:29  Overlord  
  28  2:40  Drone x2  
  30  2:50  Queen  
  32  3:04  Metabolic Boost  
  32  3:08  Drone x4  
  32  3:09  Baneling Nest  
  35  3:16  Hatchery  
  34  3:24  Drone x2  
  34  3:25  Drone  
  37  3:29  Overlord  
  37  3:45  Overlord  
  37  3:54  Drone x4  
  37  3:55  Drone  
  40  4:17  Lair  
  40  4:24  Drone x2  
  40  4:25  Drone x2  
  40  4:26  Evolution Chamber  
  40  4:27  Extractor  
  40  4:28  Overlord x2, Extractor  
  40  4:30  Drone  
  40  4:31  Drone x4  
  44  4:32  Drone  
  44  4:36  Queen  
  49  4:45  Drone  
  50  4:51  Queen  
  52  4:53  Spore Crawler  
  52  4:54  Drone  
  52  4:57  Drone x4  
  52  4:58  Drone  
  57  5:01  Drone  
  57  5:02  Spore Crawler  
  57  5:04  Drone, Extractor  
  57  5:05  Drone  
  57  5:06  Drone x2  
  60  5:09  Zerg Missile Weapons Level 1  
  60  5:16  Hydralisk Den  
  60  5:20  Zergling x2  
  60  5:21  Zergling x6  
  63  5:39  Drone  
  63  5:41  Centrifical Hooks  
  64  5:46  Hydralisk, Drone x3  
  64  5:47  Hydralisk x2  
  73  5:50  Muscular Augments  
  73  5:59  Overlord  
  73  6:00  Overlord x2  
  73  6:06  Drone  
  74  6:18  Overlord  
  74  6:19  Overlord x2  
  74  6:20  Hydralisk x6  
  86  6:27  Drone  
  86  6:28  Drone x3  
  86  6:29  Extractor  
  86  6:31  Drone  
  90  6:33  Drone x2, Extractor  
  90  6:37  Zergling x2  
  90  6:38  Zergling x6  
  95  6:40  Baneling x3  
  95  6:41  Baneling  
  95  6:42  Baneling x2  
  95  6:43  Baneling  
  95  6:45  Drone x2  
  97  6:47  Drone  
  97  6:53  Hydralisk x2  
  103  7:01  Drone x2  
  103  7:02  Grooved Spines, Drone x3  
  107  7:12  Hatchery  
  107  7:14  Baneling x11  
  102  7:41  Hydralisk  
  102  7:42  Infestation Pit, Hydralisk x5  
  113  7:46  Overlord x2  
  113  7:47  Overlord x2  
  111  7:57  Hydralisk x3  
  111  7:58  Hydralisk x2  
  100  8:07  Zergling x10  
  101  8:20  Drone  
  101  8:21  Drone x4  
  101  8:25  Hive  
  106  8:30  Spire  
  106  8:31  Queen  
  106  8:32  Drone x3  
  106  8:33  Drone x2  
  112  8:37  Drone x2  
  112  8:38  Drone  
  112  8:39  Overlord x4  
  115  8:58  Drone x3  
  115  9:01  Extractor x2  
  115  9:02  Drone x3  
  119  9:03  Drone x3  
  119  9:05  Drone  
  119  9:06  Drone x2  
  125  9:12  Spore Crawler  
  125  9:17  Zerg Missile Weapons Level 2  
  124  9:21  Evolution Chamber  
  123  9:25  Evolution Chamber  
  123  9:28  Baneling x10  
  122  9:33  Infestor x3  
  122  9:37  Burrow  
  128  9:43  Greater Spire  
  128  9:44  Adrenal Glands  
  128  9:45  Zergling x28  
  142  9:53  Corruptor x2  
  142  9:54  Corruptor  
  148  10:12  Zergling x14  
  155  10:14  Baneling  
  155  10:15  Baneling x5  
  155  10:17  Corruptor  
  155  10:20  Zerg Ground Armor Level 1  
  155  10:21  Zerg Melee Weapons Level 1  
  157  10:27  Infestor x2  
  161  10:34  Hatchery  
  160  10:45  Overseer x2  
  160  10:54  Infestor  
  160  10:58  Brood Lord x3  
  160  10:59  Brood Lord  
  160  11:02  Overlord x4  
  168  11:05  Hydralisk x11  
  168  11:09  Drone x5  
  173  11:15  Baneling x4  
  173  11:16  Baneling x5  
  137  11:34  Zergling x4  
  137  11:35  Zergling x40  
  137  11:42  Evolution Chamber  
  137  11:44  Zergling x2, Spine Crawler  
  137  11:45  Spine Crawler x2  
  137  11:46  Spine Crawler  
  133  11:47  Spine Crawler  
  123  11:55  Zergling x2  
  123  11:56  Zergling x12  
  123  12:00  Zergling x6  
Tags
 
Add a new tag
Caveats
  • Supply blocks, unpowered buildings, or Contaminate may cause inaccurate times.
  • Supply counts are checked every 10 seconds.